 Dungeon Crawl Stone Soup version 0.14.2 (webtiles) character file.

263 Dunking the Ducker (level 4, -5/21 HPs)
             Began as a Felid Monk on Oct 24, 2016.
             Was a Believer of Nemelex Xobeh.
             Slain by an ogre
             ... wielding a +0,+0 giant club
              (12 damage)
             ... on Level 5 of the Dungeon.
             The game lasted 00:09:53 (4833 turns).

Dunking the Ducker (Felid Monk)                     Turns: 4833, Time: 00:09:53

HP  -5/21        AC  3     Str  6      XL: 4   Next: 82%
MP  10/10        EV 21     Int 11      God: Nemelex Xobeh [**....]
Gold 138         SH  0     Dex 21      Spells:  0 memorised,  7 levels left
Lives: 0, deaths: 1

rFire  . . .     SeeInvis +       - Unarmed
rCold  . . .     Clarity  .     (armour unavailable)
rNeg   . . .     Conserve .     (shield unavailable)
rPois  .         rCorr    .     (helmet unavailable)
rElec  .         rRot     .     (cloak unavailable)
SustAb . .       Spirit   .     (gloves unavailable)
rMut   .         Warding  .     (boots unavailable)
Saprov . . .     Stasis   .     H - cursed amulet of rage
MR     .....                    G - ring of flight
                                i - +2 ring of protection

@: quick, not resistant to hostile enchantments, very stealthy
A: paw claws, no armour, no weapons or thrown items, fangs 3, see invisible,
carnivore 3, speed 1, shaggy fur 1, slow metabolism 1, jump 1
a: Jump Attack, Draw One, Peek at Two, Renounce Religion, Evoke Berserk Rage,
Evoke Flight


You were on level 5 of the Dungeon.
You worshipped Nemelex Xobeh.
Nemelex Xobeh was pleased with you.
You were not hungry.

You visited 1 branch of the dungeon, and saw 5 of its levels.

You collected 138 gold pieces.

Inventory:

Comestibles
 b - 3 meat rations
Scrolls
 c - a scroll of magic mapping {unknown}
 f - a scroll of immolation {unknown}
 h - a scroll of blinking {unknown}
 l - a scroll of amnesia {unknown}
 o - 2 scrolls of identify {unknown}
 u - a scroll of fear {unknown}
 x - a scroll of recharging {unknown}
 z - a scroll of fog {unknown}
 E - a scroll of random uselessness {unknown}
 N - a scroll of noise {unknown}
Jewellery
 i - a +2 ring of protection (left paw)
 G - a ring of flight (right paw)
 H - a cursed amulet of rage (around neck)
Potions
 k - a potion of heal wounds
Miscellaneous
 L - a plain deck of wonders {drawn: 3}


   Skills:
 + Level 3.2 Fighting
 - Level 5.0 Dodging
 + Level 4.6 Stealth
 + Level 3.9 Unarmed Combat
 + Level 2.0 Spellcasting
 + Level 1.3 Evocations


You had 7 spell levels left.
You didn't know any spells.

Dungeon Overview and Level Annotations

Branches:
Dungeon (5/15)
 Temple: D:4-7

Altars:
Nemelex Xobeh


Innate Abilities, Weirdness & Mutations

You cannot wear armour.
You are incapable of wielding weapons or throwing items.
Your paws have sharp claws.
You have razor-sharp teeth.
You have supernaturally acute eyesight.
You are carnivorous and can eat meat at any time.
You cover ground quickly.
You are covered in fur (AC +1).
You have a slow metabolism.
You can jump attack at a short distance.


Message History

You bite the ogre.
The ogre is heavily wounded.
You scratch the ogre.
The ogre is heavily wounded.
The ogre closely misses you.
You scratch the ogre. Your bite misses the ogre.
The ogre is severely wounded.
The ogre hits you with a giant club!
Ouch! That really hurt!
You scratch the ogre.
The ogre is severely wounded.
You scratch the ogre but do no damage.
The ogre is severely wounded.
The ogre closely misses you.
You scratch the ogre.
The ogre is almost dead.
The ogre hits you with a giant club!
Ouch! That really hurt!
You die...
Your body glows slightly and disappears.

.. ..... ..... #....
#######.# #....
#.@O....# #.##.
#.####### #.##. #.#
#.##. #.# #.####.##.
#.# #......... #.#
######.### #.# #.#
##.########## #.#
#...........####.###


You could see an ogre (bleeding).

Vanquished Creatures
  A hippogriff skeleton (D:5)
  An orc priest (D:3)
  11 adders
  5 giant geckos
  An ooze (D:3)
  4 orcs (D:3)
  5 goblins
  7 hobgoblins
  3 jackals (D:3)
  10 kobolds
  2 quokkas
  3 ball pythons
  6 bats
  4 giant cockroaches
  5 giant newts
  5 rats
73 creatures vanquished.

Notes
Turn   | Place    | Note
--------------------------------------------------------------
     0 | D:1      | Dunking, the Felid Monk, began the quest for the Orb.
     0 | D:1      | Reached XP level 1. HP: 9/9 MP: 2/2
   406 | D:1      | Reached XP level 2. HP: 8/13 MP: 3/3
  1458 | D:2      | Reached XP level 3. HP: 13/16 MP: 5/5
  1742 | D:2      | Reached skill level 1 in Spellcasting
  2097 | D:2      | Reached XP level 4. HP: 16/20 MP: 9/9
  2612 | D:2      | Reached skill level 5 in Dodging
  3432 | D:3      | Reached XP level 5. HP: 24/24 MP: 10/10
  4070 | D:3      | Reached skill level 1 in Evocations
  4352 | D:4      | Noticed an ogre
  4360 | D:5      | Entered Level 5 of the Dungeon
  4534 | D:5      | Found a sparkling altar of Nemelex Xobeh.
  4539 | D:5      | Became a worshipper of Nemelex Xobeh the Trickster
  4539 | D:5      | Received a gift from Nemelex Xobeh
  4539 | D:5      | Acquired Nemelex Xobeh's first power
  4564 | D:5      | Acquired Nemelex Xobeh's second power
  4591 | D:5      | Noticed a centaur
  4615 | D:5      | Slain by a hound
  4616 | D:5      | Reached XP level 4. HP: 0/21 MP: 10/10
  4826 | D:5      | Noticed an ogre
  4833 | D:5      | Slain by an ogre

Action                   |  1- 3 |  4- 6 || total
-------------------------+-------+-------++-------
Melee: Unarmed           |   108 |   157 ||   265
 Abil: Jump Attack       |     7 |     8 ||    15
Evoke: Deck              |       |     3 ||     3
  Use: Potion            |     1 |     1 ||     2
 Stab: Sleeping          |     1 |    11 ||    12
